 Dungeon Crawl Stone Soup version 0.24.0-123-gd5b16e6ec5 (webtiles) character file.

Game seed: 14642411988807175768, levelgen mode: deterministic

470 Descartes the Magician (level 6, -3/28 HPs)
             Began as a Spriggan Wizard on Jan 30, 2020.
             Was an Initiate of Gozag.
             Slain by a sky beast (4 damage)
             ... on level 5 of the Dungeon.
             The game lasted 00:17:22 (8415 turns).

Descartes the Magician (Spriggan Wizard)            Turns: 8415, Time: 00:17:22

Health: -3/28      AC:  3    Str:  3    XL:     6   Next: 82%
Magic:  1/16       EV: 19    Int: 22    God:    Gozag
Gold:   54         SH:  0    Dex: 14    Spells: 8/17 levels left

rFire    . . .     SeeInvis +   t - staff of death
rCold    + . .     Gourm    .   (shield currently unavailable)
rNeg     + + .     Faith    .   v - +0 robe {rC+}
rPois    .         Spirit   .   b - +0 hat
rElec    .         Reflect  .   e - +0 cloak
rCorr    .         Harm     .   (gloves unavailable)
MR       +....                  (boots unavailable)
Stlth    +++.......             (no amulet)
HPRegen  0.09/turn              s - ring of positive energy
MPRegen  0.15/turn              (no ring)

@: very slightly contaminated, very quick
A: very small, unfitting armour, see invisible, herbivore, speed 3, slow
metabolism 2
a: Potion Petition, Call Merchant, Bribe Branch, Renounce Religion


You were on level 5 of the Dungeon.
You worshipped Gozag.
Gozag was noncommittal.
You were not hungry.

You visited 2 branches of the dungeon, and saw 6 of its levels.

You collected 283 gold pieces.
You spent 131 gold pieces at shops.
You paid 98 gold pieces to Gozag.

Inventory:

Hand Weapons
 n - a +2 hunting sling of velocity
Missiles
 c - 144 stones (quivered)
 h - 41 arrows
 l - 15 sling bullets
 w - 3 boomerangs
 A - 9 bolts
Armour
 b - a +0 hat (worn)
 e - a +0 cloak (worn)
 o - a +0 buckler
 v - a +0 robe of cold resistance (worn)
Magical Staves
 t - an uncursed staff of death (weapon)
Jewellery
 s - a ring of positive energy (left hand)
Wands
 a - a wand of polymorph (7)
Scrolls
 f - 5 scrolls of blinking
 i - 2 scrolls of magic mapping
 j - 2 scrolls of amnesia {unknown}
 q - 2 scrolls of remove curse {unknown}
 r - a scroll of enchant weapon {unknown}
 x - 2 scrolls of teleportation {unknown}
 y - 2 scrolls of immolation
 C - a scroll of fog
 D - a scroll of identify
 E - a scroll of enchant armour {unknown}
Potions
 g - a potion of brilliance
 k - a potion of flight {unknown}
 m - a potion of ambrosia {unknown}
 p - a potion of berserk rage {unknown}
 u - 2 potions of heal wounds
 z - a potion of agility
 B - 2 potions of might {unknown}
 F - a potion of experience {unknown}
 G - a potion of invisibility {unknown}
 H - a potion of mutation {unknown}
Comestibles
 d - 9 rations


   Skills:
 + Level 4.8 Dodging
 + Level 4.9 Stealth
 + Level 1.4 Shields
 * Level 6.0 Spellcasting
 * Level 2.7 Conjurations
   Level 0.7 Summonings
 + Level 2.3 Translocations
 + Level 1.4 Evocations


You had 8 spell levels left.
You knew the following spells:

 Your Spells              Type           Power        Failure   Level  Hunger
a - Magic Dart            Conj           ###.         3%          1    None
b - Conjure Flame         Conj/Fire      ##......     16%         3    #......
c - Mephitic Cloud        Conj/Pois/Air  ##......     19%         3    #......
d - Blink                 Tloc           N/A          5%          2    None

Your spell library contained the following spells:

 Spells                   Type           Power        Failure   Level  Hunger
 Call Imp                 Summ           #.......     11%         2    None
 Slow                     Hex            #.......     14%         2    None


Dungeon Overview and Level Annotations

Branches:
Dungeon (5/15)             Temple (1/1) D:5

Altars:
Dithmenos
Elyvilon
Fedhas
Gozag
Makhleb
Nemelex Xobeh
Okawaru
Qazlal
Ru
Sif Muna
Uskayaw
Yredelemnul
Zin

Shops:
D:4 }*?[*

Annotations:
D:5 2 transporters, Xerdoz's ghost, novice OpTm


Innate Abilities, Weirdness & Mutations

You are very small and have problems with some larger weapons.
You are too small for most types of armour.
You have supernaturally acute eyesight. (SInv)
You are a herbivore.
You cover ground extremely quickly.
You need to consume almost no food.


Message History

You closely miss the sky beast.
The sky beast is almost dead.
The sky beast hits you. The sky beast shocks you.
You hit the sky beast but do no damage.
The sky beast is almost dead.
The sky beast hits you.
* * * LOW HITPOINT WARNING * * *
The sky beast shocks you.
* * * LOW HITPOINT WARNING * * *
You miss the sky beast.
The sky beast is almost dead.
The sky beast completely misses you.
Okay, then.
Evoke which item? (* to show all) (? for menu, Esc to quit)
Aiming: Polymorph
Press: ? - help, Shift-Dir - straight line, f/p - sky beast
Aim: a sky beast (almost dead, chance to defeat MR: 50%)
The sky beast resists with some effort.
The sky beast hits you.
You die...
Your body crumbles into a pile of gold.

###
################.#
#................#
###.############.####
#.## ..# #....#
#.##.#.##########.#
#.##.#.##@........#
#.##.#.##Y#########
#.##............#
#.#.....#.#.....#
#.#.##.<#.#.#####.
#.#.##..#.........#
#.#.##.#..#.######.
#.#.##......#.....
#.#.#....>........


You could see a sky beast.

Vanquished Creatures
  Sigmund (D:3)
  An orc wizard (D:2)
  Jessica (D:2)
  Natasha (thrice) (D:3)
  An iguana (D:2)
  9 adders
  3 worms
  3 dart slugs (D:3)
  3 orcs
  A ball python (D:3)
  3 giant cockroaches (D:2)
  6 hobgoblins
  2 jackals (D:2)
  2 quokkas
  8 bats
  4 frilled lizards
  6 goblins
  15 kobolds
  9 rats
81 creatures vanquished.

Vanquished Creatures (others)
  A plant (D:1)
1 creature vanquished.

Grand Total: 82 creatures vanquished

Notes
Turn   | Place    | Note
-------+----------+-------------------------------------------
     0 | D:1      | Descartes the Spriggan Wizard began the quest for the Orb.
     0 | D:1      | Reached XP level 1. HP: 9/9 MP: 6/6
   226 | D:1      | Reached skill level 1 in Conjurations
   226 | D:1      | Reached XP level 2. HP: 13/13 MP: 4/8
  1934 | D:1      | Reached XP level 3. HP: 16/16 MP: 2/9
  3081 | D:2      | Reached XP level 4. HP: 21/21 MP: 5/11
  3776 | D:2      | Reached skill level 5 in Spellcasting
  4780 | D:3      | Reached XP level 5. HP: 24/24 MP: 3/13
  4883 | D:3      | Noticed Jessica
  5268 | D:2      | Killed Jessica
  5355 | D:2      | Reached skill level 1 in Shields
  5750 | D:3      | Noticed Natasha
  5760 | D:3      | Killed Natasha
  5787 | D:3      | Noticed Natasha
  5882 | D:3      | Killed Natasha
  6082 | D:3      | Learned a level 3 spell: Conjure Flame
  6086 | D:3      | Learned a level 3 spell: Mephitic Cloud
  6089 | D:3      | Learned a level 2 spell: Blink
  6190 | D:3      | Found a burning altar of Makhleb.
  6323 | D:3      | Noticed Sigmund
  6339 | D:3      | Killed Sigmund
  6339 | D:3      | Reached skill level 1 in Evocations
  6339 | D:3      | Reached XP level 6. HP: 6/28 MP: 5/15
  6732 | D:3      | Noticed Natasha
  6739 | D:3      | Killed Natasha
  6991 | D:3      | Reached skill level 6 in Spellcasting
  7146 | D:4      | Found Biukav's Gadget Boutique.
  7211 | D:4      | Found Kile's Magic Scroll Emporium.
  7231 | D:4      | Bought a scroll of random uselessness for 11 gold pieces
  7231 | D:4      | Bought a scroll of fog for 22 gold pieces
  7231 | D:4      | Bought a scroll of identify for 22 gold pieces
  7231 | D:4      | Bought a scroll of magic mapping for 38 gold pieces
  7231 | D:4      | Bought a scroll of immolation for 38 gold pieces
  7340 | D:4      | Found Ipesa's Armour Shoppe.
  7355 | D:4      | Found Judgh's General Store.
  7400 | D:4      | Found Quenkifo's General Store.
  7437 | D:4      | Found an iron altar of Okawaru.
  7671 | D:4      | Found a shadowy altar of Dithmenos.
  7724 | D:5      | Entered Level 5 of the Dungeon
  7730 | D:5      | Found a transporter.
  7734 | D:5      | Noticed Xerdoz's ghost (novice OpTm)
  7769 | D:5      | Found a transporter.
  7772 | D:5      | Noticed a sky beast
  8101 | D:5      | Found a staircase to the Ecumenical Temple.
  8111 | Temple   | Entered the Ecumenical Temple
  8119 | Temple   | Became a worshipper of Gozag Ym Sagoz the Greedy
  8413 | D:5      | HP: 1/28 [sky beast (5)]
  8415 | D:5      | Slain by a sky beast

Levels and vault maps discovered:
D:1:      dpeg_arrival_rooms_b, layout_loops_ring, lexackson_kobold_supper
D:2:      layout_basic, first_ration
D:3:      layout_basic, old_standard_altar, kennysheep_jessica_study,
          uniq_natasha, uniq_sigmund
D:4:      layout_rooms, nicolae_overflow_crystal_walls, marbit_many_paths,
          serial_shops, shop_coins, kennysheep_little_box, kennysheep_mini_moat,
          shop, shop
D:5:      layout_basic, minmay_temple_entry_trees, gammafunk_ghost_stat_death
Temple:   eino_temple_lava

Skill      XL: |  1  2  3  4  5  6 |
---------------+-------------------+-----
Conjurations   | 1 2 |  2.7
Spellcasting   | 5 6 |  6.0
Dodging        | 4 |  4.8
Stealth        | 4 |  4.9
Shields        | 1 |  1.4
Translocations | 2 |  2.3
Evocations     | 1 |  1.4
Summonings     | |  0.7

Action                   |  1- 3 |  4- 6 || total
-------------------------+-------+-------++-------
Melee: Unarmed           |    31 |       ||    31
       Staff             |       |     6 ||     6
       Hunting sling     |       |     1 ||     1
 Fire: Hunting sling     |     2 |     1 ||     3
 Cast: Magic Dart        |   139 |   233 ||   372
       Conjure Flame     |       |     2 ||     2
       Blink             |       |     1 ||     1
Evoke: Wand              |       |     1 ||     1
  Use: Scroll            |       |     4 ||     4
  Eat: Ration            |       |     2 ||     2
Armor: Robe              |       |    12 ||    12
Dodge: Dodged            |    25 |    87 ||   112
